 Dungeon Crawl Stone Soup version 0.21-a0-450-gd87a9b2 (webtiles) character file.

59 slep the Skirmisher (level 3, 0/29 HPs)
             Began as a Demonspawn Monk on Nov 18, 2017.
             Killed from afar by an orc wizard (2 damage)
             ... with a magic dart
             ... on level 3 of the Dungeon.
             The game lasted 00:04:06 (717 turns).

slep the Skirmisher (Demonspawn Monk)                Turns: 717, Time: 00:04:07

Health: 0/29       AC:  5    Str: 11    XL:     3   Next: 78%
Magic:  3/3        EV: 12    Int: 11    God:
Gold:   41         SH:  0    Dex: 16    Spells: 2/2 levels left

rFire    . . .     SeeInvis .   a - +0 falchion
rCold    . . .     Gourm    .   (no shield)
rNeg     . . .     Faith    .   f - +0 ring mail
rPois    .         Spirit   .   (no helmet)
rElec    .         Reflect  .   (no cloak)
rCorr    .         Harm     .   (no gloves)
MR       .....                  (no boots)
Stlth    +.........             (no amulet)
HPRegen  0.09/turn              (no ring)
MPRegen  0.08/turn              (no ring)

@: no status effects
A: powered by pain 2
a: no special abilities


You were on level 3 of the Dungeon.
You were not hungry.

You visited 1 branch of the dungeon, and saw 3 of its levels.

You collected 41 gold pieces.

Inventory:

Hand Weapons
 a - a +0 falchion (weapon)
Missiles
 e - 60 stones (quivered)
Armour
 b - a +0 robe
 f - a +0 ring mail (worn)
Scrolls
 d - a scroll of recharging {unknown}
 g - a scroll of enchant weapon {unknown}
 i - a scroll of teleportation {unknown}
Potions
 h - a potion of lignification {unknown}
 j - a potion of might {unknown}
Comestibles
 c - 2 bread rations


   Skills:
 + Level 3.4 Fighting
 + Level 3.4 Long Blades
 + Level 0.1 Armour
 + Level 3.1 Dodging
 + Level 2.2 Stealth


You had 2 spell levels left.
You didn't know any spells.

Dungeon Overview and Level Annotations

Branches:
Dungeon (3/15)

Altars:


Innate Abilities, Weirdness & Mutations

You sometimes gain power by taking damage.


Message History

You hit the orc wizard.
The orc wizard is severely wounded.
The orc hits you but does no damage. The orc wizard barely misses you.
You riposte.
You barely miss the orc wizard.
The orc wizard is severely wounded.
The orc barely misses you.
You hit the orc wizard but do no damage.
The orc wizard is severely wounded.
The orc wizard hits you but does no damage. x2
The orc hits you.
* * * LOW HITPOINT WARNING * * *
You closely miss the orc wizard.
The orc wizard is severely wounded.
The orc wizard hits you with a dagger.
* * * LOW HITPOINT WARNING * * *
The orc hits you.
* * * LOW HITPOINT WARNING * * *
The orc wizard points at you and mumbles some strange words.
The magic dart hits you!
You die...

########## ## ### #.<.......
.# ##.######.######## .#
#.........# .# ##.##########
.# ###
#.##.......#######.#.....
####.##.#####..o@o........o.
........# ########..[.....
###.....####### #........
............... #[.......
#######.######. ####...#.
#.# ..... #.# .##. ... .#
(.#


You could see an orc wizard and an orc.

Vanquished Creatures
  A worm (D:3)
  3 dart slugs
  2 leopard geckos (D:1)
  7 orcs (D:3)
  5 bats
  3 giant cockroaches (D:1)
  4 goblins
  A hobgoblin (D:1)
  6 kobolds (D:1)
  A ball python (D:1)
  2 frilled lizards
  7 rats
42 creatures vanquished.

Notes
Turn   | Place    | Note
-------+----------+-------------------------------------------
     0 | D:1      | slep the Demonspawn Monk began the quest for the Orb.
     0 | D:1      | Reached XP level 1. HP: 18/18 MP: 1/1
   148 | D:1      | Gained mutation: You sometimes gain a little power by taking damage. [demonic ancestry]
   148 | D:1      | Reached XP level 2. HP: 17/24 MP: 2/2
   464 | D:1      | Gained mutation: You sometimes gain power by taking damage. [demonic ancestry]
   464 | D:1      | Reached XP level 3. HP: 29/29 MP: 3/3
   717 | D:3      | Killed from afar by an orc wizard

Vault maps used:
D:1:      nicolae_arrival_memento_mori
D:3:      grunt_ministairs_5

Skill      XL: |  1  2  3 |
---------------+----------+-----
Long Blades    | 3 |  3.4
Stealth        | 2 |  2.2
Dodging        | 3 |  3.1
Fighting       | |  3.4
Armour         | |  0.1

Action                   || total
-------------------------++-------
Melee: Falchion          ||   119
Throw: Stone             ||     1
 Stab: Sleeping          ||     6
Armor: Robe              ||     5
       Ring mail         ||    33
Dodge: Dodged            ||    65
       Rpst.: Falchion   ||    21

Table legend:
 A = Spawn XP
 B = Non-spawn XP
 C = Spawn XP percentage of total XP
 D = Spawn monster count
 E = Non-spawn monster count
 F = Spawn count percentage of total count
 G = Total turns spent on level
                    A         B        C        D         E        F      G
               +---------+---------+-------+---------+---------+-------+---------
         Total |       0 |      85 |   0.0 |       0 |      42 |   0.0 |   717
               +---------+---------+-------+---------+---------+-------+---------
           D:1 |       0 |      49 |   0.0 |       0 |      29 |   0.0 |   573
           D:2 |       0 |       6 |   0.0 |       0 |       4 |   0.0 |    22
           D:3 |       0 |      30 |   0.0 |       0 |       9 |   0.0 |   122
               +---------+---------+-------+---------+---------+-------+---------
